 Dungeon Crawl Stone Soup version 0.27-a0-1193-g8631133539 (webtiles) character file.

Game seed: 15127215902560956966

35 pilgrim the Vexing (level 3, 0/20 HPs)
             Began as a Deep Elf Arcane Marksman on May 26, 2021.
             Slain by a jackal (2 damage)
             ... on level 2 of the Dungeon.
             The game lasted 00:04:27 (978 turns).

pilgrim the Vexing (Deep Elf Arcane Marksman)        Turns: 978, Time: 00:04:27

Health: 0/20       AC:  2    Str:  8    XL:     3   Next: 17%
Magic:  7/7        EV: 12    Int: 17    God:
Gold:   12         SH:  0    Dex: 15    Spells: 2/5 levels left

rFire    . . .     SeeInvis .   a - +0 shortbow
rCold    . . .     Faith    .   (shield currently unavailable)
rNeg     . . .     Spirit   .   e - +0 robe
rPois    .         Reflect  .   (no helmet)
rElec    .         Harm     .   (no cloak)
rCorr    .         Rampage  .   (no gloves)
Will     .....                  (no boots)
Stlth    ++........             (no amulet)
HPRegen  0.06/turn              (no ring)
MPRegen  0.10/turn              (no ring)

@: no status effects
A: no striking features
a: no special abilities


You were on level 2 of the Dungeon.
You visited 1 branch of the dungeon, and saw 3 of its levels.

You collected 12 gold pieces.

Inventory:

Hand Weapons
 a - a +0 shortbow (weapon)
 b - a +0 short sword
Missiles
 d - 33 arrows (quivered ammo)
Armour
 e - a +0 robe (worn)
 h - a +0 pair of boots
Scrolls
 c - a scroll of enchant armour {unknown}
 g - a scroll of noise {unknown}
Potions
 f - a potion of heal wounds {unknown}


   Skills:
 + Level 1.3 Fighting
 + Level 3.3 Bows
 - Level 2.4 Dodging
 * Level 2.6 Stealth
 - Level 1.5 Spellcasting
 - Level 4.0 Hexes


You had 2 spell levels left.
You knew the following spells:

 Your Spells              Type           Power      Damage    Failure   Level
a - Corona                Hex            15%        N/A       4%          1
b - Slow                  Hex            14%        N/A       6%          2

Your spell library contained the following spells:

 Spells                   Type           Power      Damage    Failure   Level
 Inner Flame              Hex/Fire       8%         N/A       26%         3
 Portal Projectile        Hex/Tloc       16%        N/A       26%         3
 Cause Fear               Hex            7%         N/A       36%         4
 Leda's Liquefaction      Hex/Erth       4%         N/A       65%         4


Dungeon Overview and Level Annotations

Branches:
Dungeon (3/15)

Altars:

Shops:
D:2 (

Annotations:
D:2 exclusions: adder and worm


Message History

You shoot an arrow. The arrow closely misses the jackal.
The jackal bites you but does no damage.
The jackal closely misses you. The jackal barely misses you.
You shoot an arrow. The arrow hits the jackal.
The jackal is heavily wounded.
The jackal bites you. The jackal barely misses you.
The jackal closely misses you.
You shoot an arrow. The arrow closely misses the jackal.
The jackal barely misses you. The jackal bites you.
The jackal closely misses you. The jackal bites you.
You are too injured to fight recklessly!
The jackal stops glowing.
The jackal bites you. The jackal misses you. The jackal bites you.
You are too injured to fight recklessly!
Fire: 36 arrows
Press: ? - help, Q - select action, (/) - cycle Shift-Dir - straight line, f/p - jackal
Aim: a jackal (heavily wounded, 51% to hit)
You shoot an arrow. The arrow hits the jackal.
You kill the jackal!
The jackal closely misses you. The jackal barely misses you.
Fire: 35 arrows
Press: ? - help, Q - select action, (/) - cycle Shift-Dir - straight line, f - jackal
Aim: a jackal (51% to hit)
You shoot an arrow. The arrow hits the jackal.
The jackal is severely wounded.
The jackal bites you.
* * * LOW HITPOINT WARNING * * *
The jackal bites you.
* * * LOW HITPOINT WARNING * * *
The jackal bites you.
* * * LOW HITPOINT WARNING * * *
Fire: 34 arrows
Press: ? - help, Q - select action, (/) - cycle Shift-Dir - straight line, f/p - jackal
Aim: a jackal (severely wounded, 51% to hit)
You shoot an arrow. The arrow hits the jackal.
The jackal is moderately wounded.
The jackal barely misses you. The jackal bites you.
You die...

######## #......#
##..#.#.###########
#.................#
##.#.#.#...........## #.
#..........#.#.#.#..#####...
#..##....#.@hh(.(.....((..#
#.......†#.#h#.#.#.....#?(##
#...#.#..................(..
#...#.##.#.#.#.#.#.........#
#...#.##.#..........##..#...
#...#.##>..#.#.#.#..........
#......#.#......S....?......
#†#.#.[#.#......#.#.##..#.#.
#.#.#..#....###.#. #......


You could see an adder (wandering) and 3 jackals.

Vanquished Creatures
  An adder (D:2)
  2 dart slugs (D:2)
  A worm (D:2)
  An endoplasm (D:1)
  2 giant cockroaches
  2 goblins (D:2)
  3 jackals
  A kobold (D:2)
  2 ball pythons
  3 bats (D:2)
  A frilled lizard (D:2)
  2 rats
21 creatures vanquished.

Notes
Turn   | Place    | Note
-------+----------+-------------------------------------------
     0 | D:1      | pilgrim the Deep Elf Arcane Marksman began the quest for
                  | the Orb.
     0 | D:1      | Reached XP level 1. HP: 11/11 MP: 5/5
   314 | D:1      | Reached skill level 1 in Stealth
   386 | D:2      | Reached skill level 1 in Fighting
   393 | D:2      | Reached XP level 2. HP: 16/16 MP: 6/6
   398 | D:2      | Learned a level 2 spell: Slow
   486 | D:2      | Found Pystru Koymm's Weapon Shop.
   841 | D:2      | Reached XP level 3. HP: 13/20 MP: 5/7
   978 | D:2      | Slain by a jackal

Illustrated notes

Levels and vault maps discovered:
D:1:      dpeg_cavernosity, layout_basic, shapermc_ecumenical_altar_mp_vishouse,
          minmay_3d_cube
D:2:      layout_basic, serial_glass, glass_columns_a, glass_columns_c,
          glass_columns_c, glass_columns_c, glass_columns_a, glass_columns_a,
          glass_columns_a, glass_columns_a, glass_columns_b, glass_columns_c,
          due_unseen_surprise, feat_on_display, item_on_display_a,
          item_on_display_a, serial_shops, shop_statue, minmay_bisected
D:3:      layout_rooms, st_stairs_2

Skill      XL: |  1  2 |
---------------+-------+-----
Stealth        | 1 2 |  2.6
Fighting       | 1 |  1.3
Bows           | 3 |  3.3
Dodging        | |  2.4
Spellcasting   | |  1.5
Hexes          | |  4.0

Action                   || total
-------------------------++-------
Melee: Short sword       ||     1
 Fire: Shortbow          ||    59
 Cast: Corona            ||    11
Armor: Robe              ||     7
Dodge: Dodged            ||    34

Table legend: (Time is in decaauts)
 A = Elapsed time spent in this place.
 B = Non-inter-level travel time spent in this place.
 C = Inter-level travel time spent in this place.
 D = Time resting spent in this place.
 E = Time spent auto-exploring this place.
 F = Levels seen in this place.
 G = Mean time per level.
                   A        B        C        D        E       F      G
               +--------+--------+--------+--------+--------+-----+--------+
         Total |    986 |    971 |     15 |      0 |    805 |   3 |  328.7 |
       Dungeon |    986 |    971 |     15 |      0 |    805 |   3 |  328.7 |
               +--------+--------+--------+--------+--------+-----+--------+

Top non-repeatable levels by time:
     D:2: 589 daAuts
     D:1: 383 daAuts
     D:3: 14 daAuts
